 Dungeon Sprint DCSS version 0.24-b1-30-g840c9efd86 (webtiles) character file.

Game seed: 2060888841320707028, levelgen mode: deterministic

1608 night the Grappler (level 8, -8/71 HPs)
             Began as a Demonspawn Gladiator on Oct 25, 2019.
             Was an Initiate of Nemelex Xobeh.
             Mangled by a two-headed ogre
             ... wielding a +0 giant club
              (10 damage)
             ... in the Dungeon (Sprint IX: "|||||||||||||||||||||||||||||").
             The game lasted 00:04:10 (992 turns).

night the Grappler (Demonspawn Gladiator)            Turns: 992, Time: 00:04:12

Health: -8/71      AC: 16    Str: 21    XL:     8   Next: 63%
Magic:  8/14       EV:  7    Int:  9    God:    Nemelex Xobeh [......]
Gold:   0          SH:  0    Dex: 17    Spells: 7/7 levels left

rFire    . . .     SeeInvis .     - Unarmed
rCold    . . .     Gourm    .   (no shield)
rNeg     . . .     Faith    .   p - +0 plate armour
rPois    .         Spirit   .   (helmet restricted)
rElec    .         Reflect  .   (no cloak)
rCorr    .         Harm     .   (no gloves)
MR       .....     NoTele   +   o - +0 pair of boots
Stlth    ..........             (no amulet)
HPRegen  0.21/turn              r - +3 ring of dexterity
MPRegen  0.14/turn              q - +3 ring of strength

@: lethally poisoned (-8 -> -9)
A: horns 2, molten scales 2, powered by death 1, rot immunity
a: Draw Escape, Draw Destruction, Draw Summoning, Renounce Religion


You were in the Dungeon.
You worshipped Nemelex Xobeh.
Nemelex Xobeh was noncommittal.
You were hungry.

You visited 1 branch

Inventory:

Missiles
 k - 5 stones (quivered)
Armour
 a - a +0 leather armour
 b - a +0 helmet
 o - a +0 pair of boots (worn)
 p - a +0 plate armour (worn)
Jewellery
 q - a +3 ring of strength (right hand)
 r - a +3 ring of dexterity (left hand)
Wands
 n - a wand of iceblast (10)
Scrolls
 j - 2 scrolls of blinking
 l - 3 scrolls of remove curse
 m - 2 scrolls of amnesia
Potions
 c - a potion of invisibility
 e - a potion of heal wounds
 f - 4 potions of curing
 g - a potion of haste
 h - 4 potions of magic
Comestibles
 d - a ration


   Skills:
 - Level 9.4 Fighting
 - Level 1.7 Throwing
 + Level 5.6 Armour
 - Level 2.6 Dodging
 * Level 13.3 Unarmed Combat
 + Level 8.1 Invocations


You had 7 spell levels left.
You didn't know any spells.
Your spell library was empty.

Dungeon Overview and Level Annotations

Branches:
Dungeon (1/1)

Altars:
Cheibriados
Dithmenos
Elyvilon
Fedhas
Gozag
Hepliaklqana
Kikubaaqudgha
Makhleb
Nemelex Xobeh
Okawaru
Qazlal
Ru
Sif Muna
Trog
Uskayaw
Vehumet
Wu Jian
Xom
Yredelemnul
Zin
The Shining One
Beogh
Jiyva
Lugonu


Innate Abilities, Weirdness & Mutations

You have a pair of horns on your head.
You are mostly covered in molten scales. (AC +3)
You regenerate a little health from kills.
You are immune to rotting.


Message History

* * * LOW HITPOINT WARNING * * *
Things that are here:
a +0 rapier; a stone Evoke which item? (* to show all) (? for menu, Esc to quit)
Okay, then.
You barely miss the two-headed ogre.
The two-headed ogre is severely wounded.
The two-headed ogre hits you but does no damage. x2
You hit the two-headed ogre but do no damage.
You headbutt the two-headed ogre.
You punch the two-headed ogre, but do no damage.
The two-headed ogre is severely wounded.
You feel sick.
You hit the two-headed ogre.
The two-headed ogre is almost dead.
The two-headed ogre hits you with a +0 giant club.
* * * LOW HITPOINT WARNING * * *
The two-headed ogre hits you with a +0 dire flail!
You die...
Your body disappears without a glow.

▓+▓
▓.▓
▓.▓
▓.▓
▓.▓
▓.▓
▓(▓
▓O▓
▓@▓
▓.▓
▓.▓
▓.▓
▓.▓
▓.▓
▓)▓
▓)▓
▓.▓


You could see a two-headed ogre.

Vanquished Creatures
  An unseen horror (D)
  A deep elf mage (D)
  A wraith (D)
  A yak (D)
  An ogre (D)
  A big kobold (D)
  A bullfrog (D)
  A killer bee (D)
  A wight (D)
  2 jellies (D)
  2 adders (D)
  2 shadow imps (D)
  An orc (D)
  A goblin (D)
  A jackal (D)
  A bat (D)
  2 kobolds (D)
21 creatures vanquished.

Notes
Turn   | Place    | Note
-------+----------+-------------------------------------------
     0 | D        | night the Demonspawn Gladiator began the quest for the Orb.
     0 | D        | Reached XP level 1. HP: 16/16 MP: 1/1
     6 | D        | Reached skill level 3 in Unarmed Combat
    26 | D        | Reached skill level 4 in Unarmed Combat
   321 | D        | Noticed a jelly
   324 | D        | Reached skill level 5 in Unarmed Combat
   324 | D        | Gained mutation: You are partially covered in molten
                  | scales. (AC +2) [demonic ancestry]
   324 | D        | Reached XP level 2. HP: 17/22 MP: 2/2
   328 | D        | Reached skill level 6 in Unarmed Combat
   328 | D        | Gained mutation: You are immune to rotting. [demonic
                  | ancestry]
   328 | D        | Reached XP level 3. HP: 15/27 MP: 3/3
   352 | D        | Reached skill level 7 in Unarmed Combat
   632 | D        | Found a roughly hewn altar of Beogh.
   632 | D        | Found a snail-covered altar of Cheibriados.
   632 | D        | Found a shadowy altar of Dithmenos.
   632 | D        | Found a white marble altar of Elyvilon.
   632 | D        | Found a blossoming altar of Fedhas.
   632 | D        | Found an opulent altar of Gozag.
   633 | D        | Found a hazy altar of Hepliaklqana.
   634 | D        | Found a viscous altar of Jiyva.
   635 | D        | Found an ancient bone altar of Kikubaaqudgha.
   636 | D        | Found a corrupted altar of Lugonu.
   637 | D        | Found a burning altar of Makhleb.
   638 | D        | Found a sparkling altar of Nemelex Xobeh.
   639 | D        | Found an iron altar of Okawaru.
   640 | D        | Found a stormy altar of Qazlal.
   641 | D        | Found a sacrificial altar of Ru.
   642 | D        | Found a shimmering blue altar of Sif Muna.
   643 | D        | Found a bloodstained altar of Trog.
   644 | D        | Found a hide-covered altar of Uskayaw.
   645 | D        | Found a radiant altar of Vehumet.
   646 | D        | Became a worshipper of Nemelex Xobeh the Trickster
   647 | D        | Found an ornate altar of the Wu Jian Council.
   648 | D        | Found a shimmering altar of Xom.
   649 | D        | Found a basalt altar of Yredelemnul.
   650 | D        | Found a glowing silver altar of Zin.
   651 | D        | Found a glowing golden altar of the Shining One.
   659 | D        | Received a gift from Nemelex Xobeh
   698 | D        | Noticed a wraith
   698 | D        | Noticed a yak
   698 | D        | Noticed an ogre
   708 | D        | Killed an ogre
   708 | D        | Reached skill level 5 in Fighting
   708 | D        | Reached skill level 8 in Unarmed Combat
   708 | D        | Gained mutation: You regenerate a little health from kills.
                  | [demonic ancestry]
   708 | D        | Reached XP level 4. HP: 39/39 MP: 4/4
   708 | D        | Gained mutation: You are mostly covered in molten scales.
                  | (AC +3) [demonic ancestry]
   708 | D        | Reached XP level 5. HP: 44/44 MP: 5/5
   711 | D        | Reached skill level 9 in Unarmed Combat
   719 | D        | Killed a yak
   719 | D        | Reached skill level 10 in Unarmed Combat
   719 | D        | Gained mutation: You have a pair of small horns on your
                  | head. [demonic ancestry]
   719 | D        | Reached XP level 6. HP: 56/56 MP: 6/6
   746 | D        | Killed a wraith
   746 | D        | Reached skill level 11 in Unarmed Combat
   956 | D        | Noticed a two-headed ogre
   956 | D        | Noticed a deep elf mage
   963 | D        | Reached skill level 1 in Armour
   963 | D        | Gained mutation: You have a pair of horns on your head.
                  | [demonic ancestry]
   963 | D        | Reached XP level 7. HP: 63/64 MP: 6/8
   971 | D        | Killed a deep elf mage
   971 | D        | Reached skill level 12 in Unarmed Combat
   971 | D        | Reached skill level 5 in Invocations
   976 | D        | Reached XP level 8. HP: 60/71 MP: 7/12
   984 | D        | Killed an unseen horror
   984 | D        | Reached skill level 5 in Armour
   984 | D        | Reached skill level 13 in Unarmed Combat
   988 | D        | HP: 3/71 [two-headed ogre/+0 giant club (11)]
   992 | D        | Mangled by a two-headed ogre

Skill      XL: |  1  2  3  4  5  6  7  8 |
---------------+-------------------------+-----
Unarmed Combat | 5 6 8 10 11 12 13 | 13.3
Fighting       | 5 8 9 |  9.4
Armour         | 1 4 5 |  5.6
Invocations    | 2 6 8 |  8.1
Throwing       | |  1.7
Dodging        | |  2.6

Action                   |  1- 3 |  4- 6 |  7- 9 || total
-------------------------+-------+-------+-------++-------
Melee: Unarmed           |    68 |    43 |    28 ||   139
       Punch             |     1 |     2 |     1 ||     4
       Headbutt          |       |    10 |    10 ||    20
Throw: Throwing net      |     3 |       |       ||     3
       Stone             |     1 |       |       ||     1
  Use: Potion            |     4 |       |       ||     4
 Stab: Held in net/web   |     1 |       |       ||     1
Armor: Leather armour    |    10 |       |       ||    10
       Plate armour      |     1 |    23 |    25 ||    49
Dodge: Dodged            |    29 |     5 |     3 ||    37
